 Dungeon Crawl Stone Soup version 0.21-a0-450-gd87a9b2 (webtiles) character file.

25 mistymad the Sneak (level 3, -1/25 HPs)
             Began as a Vine Stalker Enchanter on Nov 19, 2017.
             Slain by a leopard gecko (2 damage)
             ... on level 2 of the Dungeon.
             The game lasted 00:05:57 (1590 turns).

mistymad the Sneak (Vine Stalker Enchanter)         Turns: 1590, Time: 00:05:57

Health: -1/25      AC: 18    Str: 10    XL:     3   Next: 4%
Magic:  0/7        EV:  2    Int: 16    God:
Gold:   33         SH:  0    Dex: 14    Spells: 6/7 levels left

rFire    . . .     SeeInvis .   h - +1 dagger (venom)
rCold    . . .     Gourm    .   (no shield)
rNeg     + + +     Faith    .   (armour currently unavailable)
rPois    +         Spirit   +   (helmet currently unavailable)
rElec    .         Reflect  .   (cloak currently unavailable)
rCorr    .         Harm     .   (gloves currently unavailable)
MR       .....     NoTele   +   (boots currently unavailable)
Stlth    ++........             (no amulet)
HPRegen  0.08/turn              f - -3 ring of protection (curse)
MPRegen  0.10/turn              (no ring)

@: tree-form
A: magic shield, no potion heal 3, rot immunity
a: no special abilities


You were on level 2 of the Dungeon.
You were not hungry.
You were a tree.
You visited 1 branch of the dungeon, and saw 2 of its levels.

You collected 33 gold pieces.

Inventory:

Hand Weapons
 h - a +1 dagger of venom (weapon)
Missiles
 l - 23 poisoned needles
Armour
 b - a +0 robe (melded)
Jewellery
 f - a cursed -3 ring of protection (left branch)
Scrolls
 e - a scroll of random uselessness {unknown}
 g - a scroll of identify {unknown}
 i - a scroll of fear {unknown}
 j - a scroll of enchant armour {unknown}
Potions
 k - a potion of heal wounds {unknown}
Books
 c - a book of Maledictions

   Spells                             Type                      Level
   a - Corona                         Hexes                        1
   b - Ensorcelled Hibernation        Hexes/Ice                    2
   c - Confuse                        Hexes                        3
   d - Tukima's Dance                 Hexes                        3
   e - Dazzling Spray                 Conjuration/Hexes            3
Comestibles
 d - 2 bread rations
 m - a chunk of flesh


   Skills:
 + Level 0.9 Fighting
 - Level 0.8 Short Blades
 - Level 1.5 Dodging
 + Level 3.6 Stealth
 + Level 1.1 Unarmed Combat
 + Level 2.5 Spellcasting
 + Level 3.3 Hexes


You had 6 spell levels left.
You knew the following spells:

 Your Spells              Type           Power        Failure   Level  Hunger
a - Corona                Hex            ##.....      4%          1    #......


Dungeon Overview and Level Annotations

Branches:
Dungeon (2/15)

Altars:


Innate Abilities, Weirdness & Mutations

((You have extremely sharp teeth.))
When hurt, damage is shared between your health and your magic reserves.
((Your bite disrupts and absorbs the magic of your enemies.))
Potions cannot restore your health.
You are immune to rotting.


Message History

The leopard gecko bites you.
* * * LOW HITPOINT WARNING * * *
You take 2 damage, and have 5/17 hp.
The leopard gecko bites you.
* * * LOW HITPOINT WARNING * * *
You take 1 damage, and have 4/17 hp.
The leopard gecko barely misses you.
You see here a kobold corpse.
The leopard gecko bites you.
* * * LOW HITPOINT WARNING * * *
You take 2 damage, and have 2/17 hp.
You now have 2/7 mp.
The leopard gecko misses you. The leopard gecko barely misses you.
The leopard gecko bites you.
* * * LOW HITPOINT WARNING * * *
You take 2 damage, and have 1/17 hp.
You now have 1/7 mp.
It was a potion of lignification.
You turn into a tree.
Your +0 robe melds into your body.
Your roots penetrate the ground.
The leopard gecko bites you.
You die...

........†...# #.# #.#
....#######.####.###.#
... #..........# ..
#####..........#
.#####............##.#
....##.####.####.>##.#
..#.##.# #.# #..##.#
#.#.##.####.# #..##.#
............####♣.##.#
................l.#..#
..###..####.......#.##
..# #.......###...#.#
..###..##.#####...#.#
.#...#.##.........#.#
.#####.........###..#
. ######...## ##.#
#...# #(#


You could see a leopard gecko.

Vanquished Creatures
  A dart slug (D:1)
  2 ball pythons (D:1)
  2 giant cockroaches
  2 goblins (D:1)
  3 hobgoblins (D:1)
  5 bats
  A frilled lizard (D:1)
  4 kobolds
  2 rats
22 creatures vanquished.

Notes
Turn   | Place    | Note
-------+----------+-------------------------------------------
     0 | D:1      | mistymad the Vine Stalker Enchanter began the quest for the Orb.
     0 | D:1      | Reached XP level 1. HP: 9/9 MP: 4/4
   745 | D:1      | Reached XP level 2. HP: 12/14 MP: 3/6
  1084 | D:1      | Reached skill level 1 in Unarmed Combat
  1491 | D:2      | Reached XP level 3. HP: 16/17 MP: 7/7
  1590 | D:2      | Slain by a leopard gecko

Vault maps used:
D:1:      arrival_zaba_pyramid
D:2:      minitemple

Skill      XL: |  1  2 |
---------------+-------+-----
Unarmed Combat | 1 |  1.1
Fighting       | |  0.9
Short Blades   | |  0.8
Dodging        | |  1.5
Stealth        | |  3.6
Spellcasting   | |  2.5
Hexes          | |  3.3

Action                   || total
-------------------------++-------
Melee: Dagger            ||    65
       Bite              ||    11
  Use: Potion            ||     1
 Stab: Sleeping          ||     5
  Eat: Chunk             ||     2
Armor: Robe              ||     5
Dodge: Dodged            ||    38

Table legend:
 A = Spawn XP
 B = Non-spawn XP
 C = Spawn XP percentage of total XP
 D = Spawn monster count
 E = Non-spawn monster count
 F = Spawn count percentage of total count
 G = Total turns spent on level
                    A         B        C        D         E        F      G
               +---------+---------+-------+---------+---------+-------+---------
         Total |       0 |      36 |   0.0 |       0 |      22 |   0.0 |  1590
               +---------+---------+-------+---------+---------+-------+---------
           D:1 |       0 |      29 |   0.0 |       0 |      16 |   0.0 |  1424
           D:2 |       0 |       7 |   0.0 |       0 |       6 |   0.0 |   166
               +---------+---------+-------+---------+---------+-------+---------
